 Dungeon Sprint DCSS version 0.18.1-48-g4cf74bf (webtiles) character file.

14 kosy22 the Grave Robber (level 4, -1/33 HPs)
             Began as a Hill Orc Necromancer on Aug 19, 2016.
             Was an Elder of Jiyva.
             Slain by a scorpion (2 damage)
             ... in the Dungeon (Sprint VI: "Thunderdome").
             The game lasted 00:04:20 (356 turns).

kosy22 the Grave Robber (Hill Orc Necromancer)       Turns: 356, Time: 00:04:20

Health: -1/33      AC:  2    Str: 11    XL:     4   Next: 6%
Magic:  5/7        EV: 12    Int: 14    God:    Jiyva [****..]
Gold:   220        SH:  0    Dex: 10    Spells: 3 memorised, 3 levels left

rFire  . . .     SeeInvis .     (no weapon)
rCold  . . .     Gourm    .     a - +0 robe
rNeg   . . .     Faith    .     (no shield)
rPois  .         Spirit   .     (no helmet)
rElec  .         Dismiss  .     (no cloak)
rCorr  +         Reflect  .     (no gloves)
SustAt .         Harm     .     (no boots)
MR     .....     NoTele   +     (no amulet)
Stlth  ++........               (no ring)
                                (no ring)

@: lethally poisoned (-1 -> -10), not resistant to hostile enchantments,
unstealthy
A: dopey 1
a: Request Jelly, Jelly Paralyse, Slimify, Renounce Religion


You were in the Dungeon.
You worshipped Jiyva.
Jiyva was greatly pleased with you.
You were not hungry.

You visited 1 branch You collected 220 gold pieces.

Inventory:

Armour
 a - a +0 robe (worn)
Wands
 k - a wand of acid (2/15)
 l - a wand of iceblast (5/15)
Scrolls
 i - 4 scrolls of blinking
 m - 3 scrolls of fog
Potions
 d - a potion of curing
 e - 4 potions of heal wounds
 f - 4 potions of haste
 g - 2 potions of magic
 h - a potion of berserk rage
 j - a potion of resistance
Books
 b - a book of Necromancy

   Spells                             Type                      Level
   a - Pain                           Necromancy                   1
   b - Animate Skeleton               Necromancy                   1
   c - Vampiric Draining              Necromancy                   3
   d - Regeneration                   Charms/Necromancy            3
   e - Animate Dead                   Necromancy                   4
   f - Control Undead                 Necromancy                   4
Comestibles
 c - a bread ration
 n - 4 chunks of flesh


   Skills:
 + Level 2.1 Dodging
 + Level 2.1 Stealth
 + Level 2.6 Spellcasting
 + Level 7.6 Necromancy
 + Level 0.6 Evocations


You had 3 spell levels left.
You knew the following spells:

 Your Spells              Type           Power        Failure   Level  Hunger
a - Pain                  Necr           ###.         1%          1    #......
b - Animate Skeleton      Necr           N/A          1%          1    #......
c - Regeneration          Chrm/Necr      ##........   17%         3    ###....


Dungeon Overview and Level Annotations

Branches:
Dungeon (1/1)

Altars:
Dithmenos
Gozag
Kikubaaqudgha
Okawaru
Pakellas
Qazlal
Ru
Sif Muna
Xom
Yredelemnul
Zin
The Shining One
Jiyva
Lugonu

Shops:
D *[%??*?:(


Innate Abilities, Weirdness & Mutations

You are dopey. (Int -2)


Message History

The scorpion is severely wounded.
The scorpion stings you!
* * * LOW HITPOINT WARNING * * *
You are lethally poisoned!
The scorpion poisons you!
You hit the scorpion but do no damage.
The scorpion is severely wounded.
* * * LOW HITPOINT WARNING * * *
You feel sick. The scorpion stings you.
* * * LOW HITPOINT WARNING * * *
You hit the scorpion.
The scorpion is almost dead.
* * * LOW HITPOINT WARNING * * *
You feel sick. The scorpion stings you.
* * * LOW HITPOINT WARNING * * *
You hit the scorpion but do no damage.
The scorpion is almost dead.
* * * LOW HITPOINT WARNING * * *
You feel sick. The scorpion stings you.
You die...

#.....# ##.....##
##∩.....∩## #∩.......∩#
#_........# #........_#
#_......._#
###.........###
#⌠..†....@...⌠#
######.8.).....s.8.###
##∩___......###.†....___
##∩........8.# #.8.......
.............###.........
..........###...###......
..........# #.<.# ......
..........###...# ......
.............###.. ......


You could see a scorpion.

Vanquished Creatures
  A scorpion (D)
  6 orcs (D)
  A giant cockroach (D)
8 creatures vanquished.

Notes
Turn   | Place    | Note
--------------------------------------------------------------
     0 | D        | kosy22 the Hill Orc Necromancer began the quest for the Orb.
     0 | D        | Reached XP level 1. HP: 14/14 MP: 3/3
     5 | D        | Round 1.
    13 | D        | Found a shimmering altar of Xom.
    13 | D        | Found a viscous altar of Jiyva.
    14 | D        | Found a shadowy altar of Dithmenos.
    15 | D        | Found a sacrificial altar of Ru.
    16 | D        | Found a deep blue altar of Sif Muna.
    16 | D        | Found an oddly glowing altar of Pakellas.
    16 | D        | Found Qookk's Magic Scroll Shop.
    16 | D        | Found Zirukhlups's Staff Store.
    17 | D        | Found Moaraz's Magic Scroll Shop.
    17 | D        | Found Tubuim's Must-Have Magic.
    18 | D        | Found an opulent altar of Gozag.
    22 | D        | Became a worshipper of Jiyva Janirede the Shapeless
    25 | D        | Found Sutine's Bee Food.
    25 | D        | Reached * piety under Jiyva
    27 | D        | Found an ancient bone altar of Kikubaaqudgha.
    27 | D        | Found a glowing golden altar of the Shining One.
    27 | D        | Found Aggoh's Identification Station.
    28 | D        | Found Joss's Jewellery.
    28 | D        | Found Aloidoest's Advanced Armour.
    36 | D        | Found a corrupted altar of Lugonu.
    38 | D        | Reached skill level 5 in Necromancy
    57 | D        | Found a stormy altar of Qazlal.
    58 | D        | Reached ** piety under Jiyva
    61 | D        | Found Naujuik's Premium Goods.
    62 | D        | Reached XP level 2. HP: 17/20 MP: 0/4
    69 | D        | Learned a level 1 spell: Animate Skeleton
    71 | D        | Reached *** piety under Jiyva
   123 | D        | Found a basalt altar of Yredelemnul.
   124 | D        | Found an iron altar of Okawaru.
   131 | D        | Reached **** piety under Jiyva
   131 | D        | Gained mutation: You are dopey. (Int -2) [Jiyva's grace]
   133 | D        | Found a glowing silver altar of Zin.
   150 | D        | Arena points: 14 (+14) [x2]
   209 | D        | Round 2.
   217 | D        | Noticed a scorpion
   223 | D        | Killed a scorpion
   223 | D        | Reached skill level 7 in Necromancy
   223 | D        | Reached XP level 3. HP: 5/26 MP: 1/6
   223 | D        | Reached XP level 4. HP: 7/33 MP: 1/7
   228 | D        | Learned a level 3 spell: Regeneration
   356 | D        | HP: 1/33 [poisoned by a scorpion]
   356 | D        | Slain by a scorpion

Skill      XL: |  1  2 |
---------------+-------+-----
Necromancy     | 5 7 |  7.6
Dodging        | 2 |  2.1
Stealth        | 2 |  2.1
Spellcasting   | 2 |  2.6
Evocations     | |  0.6

Action                   |  1- 3 |  4- 6 || total
-------------------------+-------+-------++-------
Melee: Unarmed           |     7 |    11 ||    18
 Cast: Pain              |     9 |     5 ||    14
       Regeneration      |       |     1 ||     1
Invok: Jelly Paralyse    |     1 |       ||     1
Evoke: Wand              |     3 |       ||     3
Armor: Robe              |     1 |       ||     1
Dodge: Dodged            |     4 |     4 ||     8
